 Dungeon Crawl Stone Soup version 0.28.0 (webtiles) character file.

Game seed: 2515807226112824091

872 SnakkuSnakku7 the Skirmisher (level 7, -4/67 HPs)
             Began as a Minotaur Fighter on Feb 14, 2022.
             Slain by a vampire (9 damage)
             ... on level 5 of the Dungeon.
             The game lasted 00:02:44 (3120 turns).

SnakkuSnakku7 the Skirmisher (Minotaur Fighter)     Turns: 3120, Time: 00:02:44

Health: -4/67      AC:  8    Str: 23    XL:     7   Next: 74%
Magic:  6/6        EV:  9    Int:  5    God:
Gold:   177        SH:  4    Dex:  9    Spells: 6/6 levels left

rFire   . . .      SeeInvis .   a - +0 war axe
rCold   . . .      Faith    .   c - +0 buckler
rNeg    . . .      Spirit   .   b - +0 scale mail
rPois   .          Reflect  .   (helmet restricted)
rElec   .          Harm     .   (no cloak)
rCorr   .          Rampage  .   i - +0 pair of gloves
Will    .....                   (no boots)
Stlth   ..........              (no amulet)
HPRegen 0.21/turn               (no ring)
MPRegen 0.10/turn               (no ring)

@: no status effects
A: horns 2, retaliatory headbutt
a: no special abilities


You were on level 5 of the Dungeon.
You visited 1 branch of the dungeon, and saw 5 of its levels.

You collected 177 gold pieces.

Inventory:

Hand Weapons
 a - a +0 war axe (weapon)
Armour
 b - a +0 scale mail (worn)
 c - a +0 buckler (worn)
 i - a +0 pair of gloves (worn)
Jewellery
 k - a ring of ice
 m - a ring of ice
 p - a ring of see invisible
 u - an amulet of guardian spirit
Wands
 w - a wand of polymorph (10)
 x - a wand of iceblast (7)
Scrolls
 g - 2 scrolls of fear {unknown}
 l - a scroll of vulnerability {unknown}
 n - 3 scrolls of amnesia {unknown}
 r - a scroll of silence {unknown}
 s - 2 scrolls of teleportation {unknown}
 t - 4 scrolls of identify {unknown}
Potions
 d - a potion of might
 e - a potion of invisibility {unknown}
 f - 4 potions of curing {unknown}
 h - a potion of flight {unknown}
 j - a potion of haste {unknown}
 o - 2 potions of mutation {unknown}
 q - 2 potions of resistance {unknown}
 v - a potion of berserk rage {unknown}


   Skills:
 + Level 7.7 Fighting
 + Level 7.2 Axes
 - Level 4.6 Armour
 - Level 4.7 Shields


You had 6 spell levels left.
You didn't know any spells.
Your spell library contained the following spells:

 Spells                   Type           Power      Damage    Failure   Level
 Slow                     Hex            0%         N/A       86%         1
 Confusing Touch          Hex            0%         N/A       99%         3
 Vampiric Draining        Necr           0%         2d6       99%         3
 Summon Forest            Summ/Tloc      0%         N/A       100%        5
 Eringya's Noxious Bog    Tmut/Pois      0%         N/A       100%        6
 Summon Hydra             Summ           0%         N/A       100%        7


Dungeon Overview and Level Annotations

Branches:
Dungeon (5/15)
 Temple: D:4-7

Altars:
Elyvilon
Fedhas

Shops:
D:4 :

Annotations:
D:2 1 runed translucent door, Crazy Yiuf


Innate Abilities, Weirdness & Mutations

You have a pair of horns on your head.
You reflexively headbutt those who attack you in melee.


Message History

You closely miss the ufetubus. You headbutt the ufetubus.
The ufetubus is severely wounded.
The ufetubus closely misses you.
The ufetubus hits you but does no damage.
The gnoll sergeant hits you from afar with a +0 spear.
Unknown command.
You hit the ufetubus.
You kill the ufetubus!
The gnoll sergeant hits you but does no damage.
The gnoll sergeant barely misses you. Something hits you! Something bites you!
Something draws strength from your injuries!
Unknown command.
You hit the gnoll sergeant. The gnoll sergeant blocks your attack.
The gnoll sergeant is lightly wounded.
You hit something. The gnoll sergeant barely misses you. Something hits you.
Something bites you.
Something draws strength from your injuries!
Unknown command.
You are too injured to fight recklessly!
You are too injured to fight recklessly!
Unknown command.
You are too injured to fight recklessly!
You are too injured to fight recklessly!
Unknown command.
You are too injured to fight recklessly!
You miss something. You barely miss the gnoll sergeant.
You block the gnoll sergeant's attack. Something hits you. Something bites you!
* * * LOW HITPOINT WARNING * * *
Something draws strength from your injuries!
You slash something! You barely miss the gnoll sergeant.
A water moccasin zombie comes into view.
The gnoll sergeant hits you with a +0 spear.
* * * LOW HITPOINT WARNING * * *
Something hits you!
* * * LOW HITPOINT WARNING * * *
Something completely misses you. The gnoll sergeant barely misses you.
Something hits you.
* * * LOW HITPOINT WARNING * * *
Something bites you!
You die...

#. . ## #... .##
.. ##...
..###.### ##....
#.....Z.. ...#
#.....##........
....
....[...........
...... ##....
........g......
....... #....#
#..{@#
...........
....# #...##
#.......... ..#
#...# #.........
..# #...#
#......... ..##
#...# #.........
...## ##..#
#........
....### #..#
#........
......# #..#
#........
......## #..#
##..####..


You could see a gnoll sergeant and a water moccasin zombie (wandering).

Vanquished Creatures
  Pikel (D:5)
  Menkaure (D:5)
  A lemure (D:5)
  A wyvern zombie (D:5)
  A water moccasin skeleton (D:3)
  2 orc priests (D:4)
  A hound (D:4)
  An adder (D:5)
  A shadow imp (D:3)
  An ufetubus (D:5)
  2 worms
  4 dart slugs
  12 orcs
  7 ball pythons
  5 bats
  10 endoplasms
  2 giant cockroaches
  2 goblins
  3 hobgoblins
  7 jackals
  3 quokkas
  7 frilled lizards
  3 kobolds
  5 rats
83 creatures vanquished.

Notes
Turn   | Place    | Note
-------+----------+-------------------------------------------
     0 | D:1      | SnakkuSnakku7 the Minotaur Fighter began the quest for the
                  | Orb.
     0 | D:1      | Reached XP level 1. HP: 19/19 MP: 0/0
   142 | D:1      | Reached XP level 2. HP: 27/27 MP: 1/1
   266 | D:1      | Found a faded altar of an unknown god.
   279 | D:1      | Prayed at the altar of an unknown god.
   279 | D:1      | Became a worshipper of Elyvilon the Healer
   279 | D:1      | Reached * piety under Elyvilon
   281 | D:1      | Fell from the grace of Elyvilon
   895 | D:2      | Reached XP level 3. HP: 33/33 MP: 2/2
   911 | D:2      | Found a runed translucent door.
   912 | D:2      | Noticed Crazy Yiuf
  1202 | D:2      | Found a blossoming altar of Fedhas.
  1478 | D:3      | Noticed a scorpion
  1575 | D:3      | Reached XP level 4. HP: 36/41 MP: 3/3
  1848 | D:3      | Reached XP level 5. HP: 47/47 MP: 4/4
  1950 | D:4      | Reached skill level 5 in Fighting
  2078 | D:4      | Found Kuoth's Book Emporium.
  2356 | D:4      | Identified the +0 dagger of Iludirch {elec, +Blink}
  2474 | D:5      | Entered Level 5 of the Dungeon
  2519 | D:5      | Noticed Menkaure
  2528 | D:5      | Killed Menkaure
  2529 | D:5      | Reached skill level 5 in Axes
  2529 | D:5      | Reached XP level 6. HP: 42/57 MP: 5/5
  2868 | D:5      | Noticed Pikel
  2890 | D:5      | Killed Pikel
  2891 | D:5      | Reached XP level 7. HP: 29/67 MP: 6/6
  3110 | D:5      | Noticed a vampire
  3120 | D:5      | Slain by a vampire

Illustrated notes

Levels and vault maps discovered:
D:1:      tarquinn_simple_flora_water_e, layout_basic,
          chequers_ecumenical_altar_simple, minivault_24
D:2:      layout_rooms, basic_altar, uniq_crazy_yiuf_cottage
D:3:      layout_basic, lightli_corner_chamber
D:4:      layout_basic, serial_shops, shop
D:5:      layout_layer_cave, tgw_sif, minmay_temple_entry_enclosed_plants,
          minmay_manual_mandibuliform, uniq_pikel, uniq_duvessa, uniq_menkaure

Skill      XL: |  1  2  3  4  5  6 |
---------------+-------------------+-----
Shields        | 4 |  4.7
Fighting       | 4 6 7 |  7.7
Armour         | 4 |  4.6
Axes           | 3 5 7 |  7.2

Action                   |  1- 3 |  4- 6 |  7- 9 || total
-------------------------+-------+-------+-------++-------
Melee: War axe           |    72 |    67 |     8 ||   147
       Headbutt          |     8 |    12 |     1 ||    21
Invok: Renounce Religion |     1 |       |       ||     1
Armor: Scale mail        |    33 |    19 |     5 ||    57
Dodge: Dodged            |    40 |    41 |     9 ||    90
Block: Buckler           |    22 |    16 |     1 ||    39
